 Dungeon Crawl Stone Soup version 0.17-a0-1-g1f4be75 (webtiles) character file.

205 hhkb the Insei (level 5, -11/33 HPs)
             Began as an Octopode Transmuter on Mar 15, 2015.
             Killed from afar by a gnoll (21 damage)
             ... with a wand of fire
             ... on level 3 of the Dungeon.
             The game lasted 00:11:14 (3912 turns).

hhkb the Insei (Octopode Transmuter)                Turns: 3912, Time: 00:11:14

Health: -11/33     AC:  2    Str: 10    XL:     5   Next: 83%
Magic:  15/18      EV: 10    Int: 15    God:
Gold:   105        SH:  0    Dex: 18    Spells: 3 memorised, 2 levels left

rFire  . . .     SeeInvis .       - Unarmed
rCold  . . .     Clarity  .     (shield currently unavailable)
rNeg   . . .     SustAb   .     (helmet currently unavailable)
rPois  x         Gourm    .     h - amulet of resist mutation {rMut, !d}
rElec  .         Spirit   .     e - ring of magical power {MP+9}
rCorr  .         Warding  .     (no ring)
rMut   +         Stasis   .     (no ring)
MR     .....                    (no ring)
Stlth  ++........               (no ring)
                                (no ring)
                                (no ring)
                                (no ring)

@: spider-form, held, drained, not resistant to hostile enchantments, unstealthy
A: almost no armour, amphibious, 8 rings, (constrict 8), (camouflage 0),
(gelatinous body 0)
a: End Transformation


You were on level 3 of the Dungeon.
You were very hungry.
You were a venomous arachnid creature.
You visited 1 branch of the dungeon, and saw 3 of its levels.

You collected 105 gold pieces.

Inventory:

Missiles
 b - 36 arrows
 c - 75 stones (quivered)
Jewellery
 e - a ring of magical power (left front leg) {MP+9}
   (You found it on level 2 of the Dungeon)
 h - an amulet of resist mutation (around neck) {rMut, !d}
   (You found it on level 1 of the Dungeon)
Magical devices
 x - a wand of flame (4)
   (You took it off Natasha on level 3 of the Dungeon)
Scrolls
 j - a scroll of amnesia {unknown}
 o - 2 scrolls of identify
 q - a scroll of fear {unknown}
 s - a scroll of blinking {unknown}
 t - a scroll of magic mapping {unknown}
 u - 2 scrolls of teleportation {unknown}
 v - 2 scrolls of enchant weapon {unknown}
 w - a scroll of immolation {unknown}
 y - a scroll of recharging {unknown}
Potions
 g - a potion of cure mutation {!q}
 i - a potion of might
 k - a potion of heal wounds
 l - a potion of brilliance
 m - 3 potions of curing
Books
 d - a book of Changes
Comestibles
 a - 3 bread rations {@e1}
 f - a meat ration {@e2}
 n - a royal jelly
 p - a slice of pizza
 r - 2 fruits


   Skills:
 + Level 1.2(0.8) Fighting
 + Level 2.0(1.7) Dodging
 + Level 5.6(5.2) Unarmed Combat
 - Level 2.0(1.6) Spellcasting
 - Level 2.6(2.3) Transmutations
 - Level 2.0(1.6) Poison Magic


You had 2 spell levels left.
You knew the following spells:

 Your Spells              Type           Power        Failure   Level  Hunger
a - Beastly Appendage     Trmt           #.....       28%         1    ##.....
c - Spider Form           Trmt/Pois      #.........   56%         3    ####...
s - Sticks to Snakes      Trmt           #.........   32%         2    ###....


Dungeon Overview and Level Annotations

Branches:
Dungeon (3/15)

Altars:

Annotations:
D:3 Sigmund


Innate Abilities, Weirdness & Mutations

You cannot wear most types of armour.
You are amphibious.
You can wear up to eight rings at the same time.
((You can use your tentacles to constrict many enemies at once.))
((Your skin changes colour to match your surroundings (Stealth).))
((Your rubbery body absorbs attacks (AC +1).))


Message History

The gnoll shouts!
A gnoll is nearby!
A gnoll is nearby!
A gnoll is nearby!
A gnoll is nearby!
Aim: a gnoll, wielding a club You throw a stone.
The stone hits the gnoll.
There is a stone staircase leading up here.
An ooze comes into view.
You miscast Spider Form.
You are very lightly contaminated with residual magic.
Strange energies run through your body.
You now have 15/18 mp.
You miscast Spider Form.
Strange energies run through your body.
You are feeling hungry.
You now have 12/18 mp.
You turn into a venomous arachnid creature.
The gnoll hits you with a club.
You take 1 damage, and have 32/33 hp.
You now have 9/18 mp.
You hit the gnoll but do no damage. The gnoll barely misses you.
You barely miss the gnoll. You hit the gnoll. The gnoll closely misses you.
You hit the gnoll. The gnoll barely misses you.
You hit the gnoll.
The gnoll is poisoned.
The gnoll barely misses you.
You barely miss the gnoll. The gnoll misses you.
You bite the gnoll!
You kill the gnoll!
Your transformation is almost over.
You see here a club.
You may need something to eat soon, looking for food.
Your transformation has ended.
Health restored: 33 The ooze is too close now for your liking.
An ooze is nearby!
An ooze is nearby!
An ooze is nearby!
An ooze is nearby!
The ooze quivers.
You tentacle-slap the ooze. You squeeze the ooze! The ooze hits you.
You take 2 damage, and have 31/33 hp.
You tentacle-slap the ooze.
Your tentacle-slap misses the ooze.
You squeeze the ooze. You tentacle-slap the ooze.
You kill the ooze!
No target in view!
You may need something to eat soon, looking for food.
You see here a kobold corpse.
Autochopping corpse.
You butcher the kobold corpse.
Things that are here:
2 poisonous chunks of flesh {@w0}; a kobold skeleton
r - 2 fruits (gained 1)
Found a stone staircase leading down.
Health restored: 33; MP restored: 18 Your magical contamination has completely faded away.
There is a stone staircase leading down here.
You may need something to eat soon, looking for food.
You see here a club.
You see here a dagger.
You see here the felid skeleton of Natasha.
You see here a flail.
You are feeling very hungry.
A gnoll is nearby!
A gnoll is nearby!
Aim: a gnoll, wielding a club, wearing a steel ring and carrying a wand of fire {zapped: 2} (hasn't noticed you)
You throw a stone. The gnoll shouts!
The stone hits the gnoll but does no damage.
The gnoll zaps a wand.
The bolt of fire hits you!
You take 16 damage, and have 17/33 hp.
MASSIVE DAMAGE!!
The gnoll throws a throwing net.
The throwing net hits you.
You become entangled in the net!
You see here a throwing net {=f, !d}.
Aim: a gnoll, wielding a club, wearing a steel ring and carrying a wand of fire {zapped: 3} The puff of flame misses the gnoll.
Evoking this partially-identified wand wasted a few charges.
The gnoll zaps a wand.
The bolt of fire hits you!
* * * LOW HITPOINT WARNING * * *
You take 9 damage, and have 8/33 hp.
MASSIVE DAMAGE!!
Drink which item? (? for menu, Esc to quit)
Okay, then.
Read which item? (? for menu, Esc to quit)
Okay, then.
Unknown command.
Drink which item? (? for menu, Esc to quit)
You feel much better.
The gnoll zaps a wand.
The bolt of fire hits you!
Ouch! That really hurt!
You regained 2 hp, and now have 10/33 hp.
You turn into a venomous arachnid creature.
The gnoll zaps a wand.
The bolt of fire hits you!
Ouch! That really hurt!
You die...

#.# #..................### ##.#
#####.....#............## ...#
#...######....(.........## ...##
#......÷.................. ....#
#...##...##.....######....
..#.####......########.## ###..
......##...##...# #..########.
..#........#<.#)#######.......##.
..##.#####.#.##.s...#########.###
..##.#####...######...#######....
####....###..## ####.g..(....#..
#....####..####.....#########.
####....#..........##..######....
#..........................).....
...........##.########.######.###
#..........##......# #.######.###
#.....).)..#######÷###......#....


You could see a gnoll.

Vanquished Creatures
  A crimson imp (D:3)
  Natasha (thrice) (D:3)
  Ijyb (D:3)
  4 adders (D:2)
  2 gnolls (D:3)
  A worm (D:3)
  2 giant geckos
  2 oozes
  4 bats
  6 goblins
  7 hobgoblins
  3 giant newts
  9 kobolds
  A quokka (D:2)
  4 rats
50 creatures vanquished.

Vanquished Creatures (collateral kills)
  An eye of draining (D:3)
  A worm (D:3)
  An ooze (D:2)
  A hobgoblin (D:3)
4 creatures vanquished.

Grand Total: 54 creatures vanquished

Notes
Turn   | Place    | Note
--------------------------------------------------------------
     0 | D:1      | hhkb, the Octopode Transmuter, began the quest for the Orb.
     0 | D:1      | Reached XP level 1. HP: 13/13 MP: 3/3
   369 | D:1      | Reached XP level 2. HP: 11/18 MP: 4/4
   377 | D:1      | Learned a level 2 spell: Sticks to Snakes
   965 | D:2      | Reached skill level 4 in Unarmed Combat
   965 | D:2      | Reached XP level 3. HP: 10/23 MP: 3/6
   968 | D:2      | HP: 5/23 [ooze (5)]
  1528 | D:2      | Learned a level 3 spell: Spider Form
  2104 | D:2      | HP: 5/23 [adder (3)]
  2105 | D:2      | Reached XP level 4. HP: 6/28 MP: 7/7
  2109 | D:2      | HP: 4/28 [poisoned by an adder]
  2485 | D:2      | Reached skill level 5 in Unarmed Combat
  2682 | D:3      | Noticed an eye of draining
  2709 | D:3      | Noticed Natasha
  2772 | D:3      | Killed an eye of draining
  2772 | D:3      | Reached skill level 1 in Poison Magic
  2772 | D:3      | Reached XP level 5. HP: 27/33 MP: 9/9
  2944 | D:3      | Reached skill level 2 in Poison Magic
  2947 | D:3      | Noticed Ijyb
  3281 | D:3      | Noticed Sigmund
  3348 | D:3      | Killed Ijyb
  3542 | D:3      | Killed Natasha
  3553 | D:3      | Noticed Natasha
  3560 | D:3      | Killed Natasha
  3633 | D:3      | Noticed Natasha
  3637 | D:3      | Killed Natasha
  3910 | D:3      | HP: 8/33 [gnoll/wand of fire (9)]
  3912 | D:3      | Killed from afar by a gnoll

Action                   |  1- 3 |  4- 6 || total
-------------------------+-------+-------++-------
Melee: Unarmed           |    76 |    62 ||   138
Throw: Stone             |    24 |    22 ||    46
 Cast: Sticks to Snakes  |     1 |     6 ||     7
       Beastly Appendage |     2 |     2 ||     4
       Spider Form       |       |     6 ||     6
Evoke: Wand              |       |     1 ||     1
  Use: Scroll            |     8 |       ||     8
       Potion            |     1 |     1 ||     2
 Stab: Sleeping          |     4 |       ||     4
  Eat: Chunk             |     4 |     5 ||     9
       Fruit             |       |     1 ||     1

Vault maps used:
D:1:      dpeg_arrival_castle
D:3:      lemuel_another_geyser, uniq_iyjb, uniq_sigmund, uniq_natasha

Table legend:
 A = Turns spent in this place as a percentage of turns spent in the entire game.
 B = Non-inter-level travel turns spent in this place as a percentage of non-inter-level travel turns spent in the entire game.
 C = Inter-level travel turns spent in this place as a percentage of turns spent in this place.
 D = Turns resting spent in this place as a percentage of non-inter-level travel turns spent in this place.
 E = Turns spent auto-exploring this place as a percentage of non-inter-level travel turns spent in this place.
 F = Non-inter-level travel turns spent in this place divided by the number of levels of this place that you've seen.
                   A       B       C       D       E      F
               +-------+-------+-------+-------+-------+----------------------
         Total | 100.0 | 100.0 |   0.6 |   4.5 |   6.7 | 490.3
       Dungeon | 100.0 | 100.0 |   0.6 |   4.5 |   6.7 | 490.3
               +-------+-------+-------+-------+-------+----------------------

Table legend:
 A = Kills in this place as a percentage of kills in entire the game.
 B = Kills by you in this place as a percentage of kills by you in the entire game.
 C = Kills by friends in this place as a percentage of kills by friends in the entire game.
 D = Other kills in this place as a percentage of other kills in the entire game.
 E = Experience gained in this place as a percentage of experience gained in the entire game.
 F = Experience gained in this place divided by the number of levels of this place that you have seen.
                   A       B       C       D       E      F
               +-------+-------+-------+-------+-------+----------------------
         Total | 100.0 | 100.0 | 100.0 |  -nan | 100.0 |  98.0
       Dungeon | 100.0 | 100.0 | 100.0 |  -nan | 100.0 |  98.0
               +-------+-------+-------+-------+-------+----------------------
